 Dungeon Crawl Stone Soup version 0.27.0-1-g7a089689b8 (webtiles) character file.

Game seed: 6835159387438037620

600 Sobieck the Placeless Cat (level 7, 0/32 HPs)
             Began as a Felid Warper on Aug 11, 2021.
             Slain by a black bear (2 damage)
             ... on level 6 of the Dungeon.
             The game lasted 00:23:41 (6344 turns).

Sobieck the Placeless Cat (Felid Warper)            Turns: 6344, Time: 00:23:42

Health: 0/32       AC:  2    Str:  9    XL:     7   Next: 18%
Magic:  4/14       EV: 18    Int: 14    God:
Gold:   456        SH:  0    Dex: 16    Spells: 4/14 levels left
                                        Lives:  0   Deaths: 2

rFire    . . .     SeeInvis +     - Unarmed
rCold    . . .     Faith    .   (shield unavailable)
rNeg     . . .     Spirit   .   (armour unavailable)
rPois    .         Reflect  .   (helmet unavailable)
rElec    .         Harm     .   (cloak unavailable)
rCorr    .         Rampage  .   (gloves unavailable)
Will     +....                  (boots unavailable)
Stlth    +.........             g - amulet of regeneration {@e2}
HPRegen  1.10/turn              (no ring)
MPRegen  0.14/turn              (no ring)

@: quick
A: very small, claws 1, fangs 3, see invisible, speed 1, shaggy fur 2, stealthy
paws, no weapons or thrown items, no armour, multi-lived
a: no special abilities


You were on level 6 of the Dungeon.
You visited 1 branch of the dungeon, and saw 6 of its levels.

You collected 456 gold pieces.


Innate Abilities, Weirdness & Mutations

You have sharp claws.
You have razor-sharp teeth.
You have supernaturally acute eyesight. (SInv)
You cover ground quickly. (Speed+)
You are covered in thick fur. (AC +2)
Your paws help you pounce on unaware monsters.
You are incapable of wielding weapons or throwing items.
You cannot wear armour.
You gain extra lives every three experience levels.


   Skills:
 - Level 4.0 Fighting
 - Level 3.2 Dodging
 - Level 6.0 Unarmed Combat
 + Level 4.4 Spellcasting
 * Level 10.1 Translocations


You had 4 spell levels left.
You knew the following spells:

 Your Spells              Type           Power      Damage    Failure   Level
a - Blink                 Tloc           N/A        N/A       1%          2
b - Gell's Gravitas       Tloc           15%        N/A       1%          3
c - Manifold Assault      Tloc           31%        N/A       8%          5

Your spell library contained the following spells:

 Spells                   Type           Power      Damage    Failure   Level
 Lesser Beckoning         Tloc           15%        N/A       1%          3
 Teleport Other           Tloc           31%        N/A       1%          3
 Foxfire                  Conj/Fire      12%        2x1d4     19%         1
 Freeze                   Ice            12%        1d4       19%         1
 Static Discharge         Conj/Air       3%         N/A       28%         2
 Conjure Flame            Conj/Fire      3%         6-21      50%         3
 Frozen Ramparts          Ice            6%         1d2       50%         3
 Inner Flame              Hex/Fire       3%         N/A       50%         3
 Mephitic Cloud           Conj/Pois/Air  3%         N/A       50%         3
 Hailstorm                Conj/Ice       3%         3d3       88%         4
 Summon Ice Beast         Ice/Summ       3%         N/A       88%         4
 Conjure Ball Lightning   Conj/Air       1%         3x3d6     100%        6

Inventory:

Jewellery
 g - an amulet of regeneration (around neck) {@e2}
   (You found it on level 1 of the Dungeon)
 r - a ring of ice
   (You took it off a gnoll on level 6 of the Dungeon)
Scrolls
 a - a scroll of blinking {!r}
 c - 2 scrolls of teleportation {@r4}
 d - a scroll of vulnerability {unknown}
 m - a scroll of fear
 n - a scroll of magic mapping {!r}
Potions
 b - a potion of might {unknown}
 e - a potion of flight {unknown}
 f - a potion of attraction {unknown}
 h - a potion of heal wounds {@q2}
 i - 2 potions of mutation {!q}
 j - 2 potions of ambrosia
 k - a potion of magic {unknown}
 l - 4 potions of curing {unknown}
 o - 5 potions of lignification {unknown}
 p - 2 potions of invisibility {unknown}
 q - 2 potions of degeneration {unknown}

Dungeon Overview and Level Annotations

Branches:
Dungeon (6/15)
 Temple: D:4-7

Altars:
Ashenzari
Hepliaklqana
Kikubaaqudgha
Okawaru
Xom

Annotations:
D:4 2 runed translucent doors, Almightybob's ghost, amateur DsCK
D:5 !vampire

****,* #....†....#...#..) *,*
#......##.......## *,*
#......#....§....# ****,*
#......#.........# *,,,,*
##...............#
*,########.####.###...####
****.#........####.###...#
*,,,..........#.h........# #
*,**.#..###.@h#.##.##########
*,**,*,,#.......##.# #....
*,**,.....#........# #.###
*,***#..###..####### ###.#..
*,***#.,.....# #..<...
*,,,,.,.....## #.#....
*******###### #.#.... #.#....
#.#....


You could see a black bear (slow).


Message History

You miscast Manifold Assault.
You are very lightly contaminated with residual magic.
Nothing appears to happen.
Casting: Manifold Assault (extremely dangerous; 9% risk of failure)
Confirm with . or Enter, or press ? or * to list all spells.
The spell is extremely dangerous to cast (9% risk of failure)!
Continue anyway?
Space momentarily warps into an impossible shape!
You scratch the scorpion but do no damage.
Unknown command.
Casting: Manifold Assault (extremely dangerous; 9% risk of failure)
Confirm with . or Enter, or press ? or * to list all spells.
You don't have enough magic to cast this spell.
Your magical contamination has completely faded away.
You barely miss the scorpion. The scorpion closely misses you.
You scratch the scorpion. The scorpion stings you.
You completely miss the scorpion. You claw the scorpion. You bite the scorpion.
The scorpion completely misses you.
Unknown command.
You scratch the scorpion. Your bite misses the scorpion.
The scorpion closely misses you.
You scratch the scorpion but do no damage.
The scorpion stings you but does no damage.
You scratch the scorpion.
You kill the scorpion!
Your Translocations skill increases to level 10!
Unknown command.
You start resting.
Unknown command.
You start resting.
Unknown command.
Casting: Manifold Assault (extremely dangerous; 8% risk of failure)
Confirm with . or Enter, or press ? or * to list all spells.
Okay, then.
You see here a scorpion corpse.
Things that are here:
a +0 club {mace}; a +0 robe; a +0 spear {polearm} A black bear is nearby!
Danger!
Casting: Manifold Assault (extremely dangerous; 8% risk of failure)
Confirm with . or Enter, or press ? or * to list all spells.
The spell is extremely dangerous to cast (8% risk of failure)!
Continue anyway?
Space momentarily warps into an impossible shape!
The black bear growls angrily.
You scratch the black bear.
Unknown command.
Unknown command.
You claw the black bear! The black bear barely misses you.
The black bear misses you. The black bear claws you.
You scratch the black bear.
The black bear goes berserk!
You barely miss the black bear. You claw the black bear.
The black bear completely misses you. The black bear closely misses you.
The black bear barely misses you.
You scratch the black bear but do no damage.
The black bear misses you. The black bear closely misses you.
The black bear misses you. The black bear bites you. The black bear claws you.
The black bear claws you but does no damage.
Unknown command.
You scratch the black bear. The black bear bites you!
* * * LOW HITPOINT WARNING * * *
The black bear barely misses you. The black bear misses you.
Unknown command.
Casting: Manifold Assault (extremely dangerous; 8% risk of failure)
Confirm with . or Enter, or press ? or * to list all spells.
You blink.
The black bear rages.
The black bear bites you!
* * * LOW HITPOINT WARNING * * *
The black bear closely misses you. The black bear claws you.
* * * LOW HITPOINT WARNING * * *
Unknown command.
The black bear barely misses you. The black bear misses you. x2
The black bear barely misses you. The black bear claws you!
* * * LOW HITPOINT WARNING * * *
The black bear claws you.
* * * LOW HITPOINT WARNING * * *
Unknown command.
Casting: Blink (safe; 1% risk of failure)
Confirm with . or Enter, or press ? or * to list all spells.
You blink.
Casting: Blink (safe; 1% risk of failure)
Confirm with . or Enter, or press ? or * to list all spells.
The spell is extremely dangerous to cast (8% risk of failure)!
Continue anyway?
Space momentarily warps into an impossible shape!
You scratch the black bear.
Unknown command.
Danger!
You scratch the black bear but do no damage.
You claw the black bear, but do no damage.
You scratch the black bear but do no damage.
The black bear bites you!
* * * LOW HITPOINT WARNING * * *
The black bear completely misses you. The black bear misses you.
Unknown command.
You scratch the black bear but do no damage.
You bite the black bear. The black bear bites you.
* * * LOW HITPOINT WARNING * * *
The black bear claws you.
* * * LOW HITPOINT WARNING * * *
The black bear claws you.
You die...

Skill      XL: |  1  2  3  4  5  6  7 |
---------------+----------------------+-----
Unarmed Combat | 3 5 6 |  6.0
Translocations | 5 7 6 10 | 10.1
Fighting       | 3 4 |  4.0
Spellcasting   | 3 4 |  4.4
Dodging        | |  3.2

Action                   |  1- 3 |  4- 6 |  7- 9 || total
-------------------------+-------+-------+-------++-------
Melee: Unarmed           |   112 |   203 |   189 ||   504
       Bite              |     7 |    23 |    19 ||    49
       Punch             |       |     5 |     7 ||    12
 Cast: Gell's Gravitas   |       |     5 |       ||     5
       Manifold Assault  |       |       |     7 ||     7
       Blink             |       |       |     2 ||     2
  Use: Scroll            |       |    11 |       ||    11
 Stab: Sleeping          |     2 |     1 |       ||     3
Armor: Skin              |     7 |    13 |    16 ||    36
Dodge: Dodged            |    97 |   138 |   211 ||   446

Levels and vault maps discovered:
D:1:      dpeg_arrival_windows_large_door, layout_basic,
          dreamdust_ecumenical_altar_sealed_demon
D:2:      layout_basic, uniq_jessica, uniq_sigmund
D:3:      layout_rooms
D:4:      layout_layer_cave, grunt_temple_overflow_open, ebering_ghost_sewer_f
D:5:      layout_gridville
D:6:      layout_loops_cross, xom_teletrap_fun, kennysheep_another_room,
          grunt_tough_drop, uniq_edmund

Notes
Turn   | Place    | Note
-------+----------+-------------------------------------------
     0 | D:1      | Sobieck the Felid Warper began the quest for the Orb.
     0 | D:1      | Reached XP level 1. HP: 9/9 MP: 4/4
   348 | D:1      | Reached XP level 2. HP: 13/13 MP: 6/6
   362 | D:1      | Learned a level 2 spell: Blink
   518 | D:1      | You pick up a book of Flames and begin reading...
   518 | D:1      | You add the spells Foxfire, Conjure Flame and Inner Flame
                  | to your library.
   652 | D:1      | Reached skill level 3 in Unarmed Combat
   817 | D:1      | Found a faded altar of an unknown god.
   817 | D:1      | Noticed an ice devil
  1022 | D:1      | Reached XP level 3. HP: 16/16 MP: 7/7
  1198 | D:1      | Reached skill level 5 in Translocations
  1386 | D:2      | Learned a level 3 spell: Gell's Gravitas
  1473 | D:2      | Noticed Jessica
  1477 | D:2      | HP: 3/16 [Jessica/nerve-wracking pain (13)]
  1503 | D:2      | Noticed Sigmund
  1676 | D:3      | Reached XP level 4. HP: 19/19 MP: 8/8
  1743 | D:3      | Noticed an ice beast
  1801 | D:3      | Noticed a necrophage
  1855 | D:3      | Killed a necrophage
  1856 | D:3      | Reached skill level 5 in Unarmed Combat
  1856 | D:3      | Reached XP level 5. HP: 18/22 MP: 9/9
  2007 | D:3      | You pick up a book of Frost and begin reading...
  2007 | D:3      | You add the spells Freeze, Frozen Ramparts and Hailstorm to
                  | your library.
  2553 | D:4      | Found a runed translucent door.
  2554 | D:4      | Noticed Almightybob's ghost (amateur DsCK)
  2562 | D:4      | Found a hazy altar of Hepliaklqana.
  2562 | D:4      | Found a broken altar of Ashenzari.
  2562 | D:4      | Found an ancient bone altar of Kikubaaqudgha.
  2565 | D:4      | Found an iron altar of Okawaru.
  2569 | D:4      | You fall into a shaft and drop 1 floor!
  2569 | D:5      | Entered Level 5 of the Dungeon
  2573 | D:6      | Found a shimmering altar of Xom.
  2587 | D:4      | Noticed a phantom
  2596 | D:4      | Killed a phantom
  2597 | D:4      | Reached skill level 6 in Unarmed Combat
  2597 | D:4      | Gained mutation: You are covered in thick fur. (AC +2)
                  | [Felid growth]
  2597 | D:4      | Reached XP level 6. HP: 19/26 MP: 10/10
  2956 | D:4      | You add the spells Static Discharge, Mephitic Cloud, Summon
                  | Ice Beast and Conjure Ball Lightning to your library.
  2956 | D:4      | Got the Collected Works on Floating Calling
  3066 | D:4      | Found a runed translucent door.
  3770 | D:5      | Reached skill level 6 in Translocations
  3876 | D:5      | Noticed a vampire
  3911 | D:5      | HP: 3/27 [vampire (12)]
  3911 | D:5      | Mangled by a vampire
  3912 | D:5      | Reached XP level 5. HP: -9/23 MP: 9/9
  4047 | D:3      | Killed an ice beast
  4048 | D:3      | Reached skill level 3 in Fighting
  4048 | D:3      | Reached skill level 7 in Translocations
  4048 | D:3      | Reached XP level 6. HP: 25/28 MP: 9/11
  4139 | D:3      | Killed Sigmund
  4140 | D:3      | Reached skill level 3 in Spellcasting
  4252 | D:2      | Learned a level 5 spell: Manifold Assault
  4303 | D:2      | HP: 7/28 [gnoll (14)]
  4433 | D:2      | Reached XP level 7. HP: 27/31 MP: 12/12
  4551 | D:2      | Killed Jessica
  4637 | D:2      | Reached skill level 8 in Translocations
  5485 | D:6      | Reached skill level 4 in Fighting
  5682 | D:6      | Reached skill level 9 in Translocations
  5788 | D:6      | Reached skill level 4 in Spellcasting
  5939 | D:6      | Reached XP level 8. HP: 26/36 MP: 15/15
  6129 | D:6      | HP: 7/36 [black bear (6)]
  6133 | D:6      | Slain by a black bear
  6134 | D:6      | Reached XP level 7. HP: 0/32 MP: 14/14
  6239 | D:6      | Reached skill level 10 in Translocations
  6317 | D:6      | HP: 7/32 [black bear (12)]
  6325 | D:6      | HP: 5/32 [black bear (10)]
  6334 | D:6      | HP: 5/32 [black bear (7)]
  6343 | D:6      | HP: 4/32 [black bear (8)]
  6344 | D:6      | Slain by a black bear

Vanquished Creatures
  Sigmund (D:3)
  A black bear (D:6)
  2 necrophages
  An ice beast (D:3)
  A hornet zombie (D:6)
  A centaur (D:5)
  A phantom (D:4)
  A scorpion (D:6)
  A water moccasin skeleton (D:6)
  A centaur zombie (D:5)
  A bullfrog skeleton (D:5)
  3 hounds
  An orc priest (D:4)
  A gnoll shaman (D:6)
  An iguana (D:6)
  Jessica (D:2)
  A hound zombie (D:5)
  6 adders
  8 gnolls
  An ufetubus (D:6)
  An adder skeleton (D:4)
  A dart slug (D:4)
  11 orcs
  7 ball pythons
  8 endoplasms
  3 giant cockroaches
  8 goblins
  7 hobgoblins
  4 kobolds
  6 quokkas
  4 bats
  2 frilled lizards (D:1)
  4 rats
101 creatures vanquished.

Table legend:
 A = Non-vault XP
 B = Vault XP
 C = Vault XP percentage of total XP
 D = Non-vault monster count
 E = Vault monster count
 F = Vault count percentage of total count
                 A         B        C        D         E       F
            +---------+---------+-------+---------+---------+-------
      Total |    1294 |     633 |  32.8 |      94 |       7 |   6.9
            +---------+---------+-------+---------+---------+-------
        D:1 |      55 |       0 |   0.0 |      24 |       0 |   0.0
        D:2 |     105 |      37 |  26.1 |      20 |       1 |   4.8
        D:3 |     288 |     212 |  42.4 |      14 |       1 |   6.7
        D:4 |     230 |       0 |   0.0 |      19 |       0 |   0.0
        D:5 |     345 |       0 |   0.0 |       6 |       0 |   0.0
        D:6 |     271 |     384 |  58.6 |      11 |       5 |  31.2
            +---------+---------+-------+---------+---------+-------

Illustrated notes

Table legend:
 A = Kills in this place as a percentage of kills in entire the game.
 B = Kills by you in this place as a percentage of kills by you in the entire game.
 C = Kills by friends in this place as a percentage of kills by friends in the entire game.
 D = Other kills in this place as a percentage of other kills in the entire game.
 E = Experience gained in this place as a percentage of experience gained in the entire game.
 F = Experience gained in this place divided by the number of levels of this place that you have seen.
                   A       B       C       D       E      F
               +-------+-------+-------+-------+-------+----------------------
         Total | 100.0 | 100.0 |   N/A |   N/A | 100.0 | 321.2
       Dungeon | 100.0 | 100.0 |   N/A |   N/A | 100.0 | 321.2
               +-------+-------+-------+-------+-------+----------------------

Table legend: (Time is in decaauts)
 A = Elapsed time spent in this place.
 B = Non-inter-level travel time spent in this place.
 C = Inter-level travel time spent in this place.
 D = Time resting spent in this place.
 E = Time spent auto-exploring this place.
 F = Levels seen in this place.
 G = Mean time per level.
                   A        B        C        D        E       F      G
               +--------+--------+--------+--------+--------+-----+--------+
         Total |   5308 |   4928 |    380 |    423 |   2736 |   6 |  884.7 |
       Dungeon |   5308 |   4928 |    380 |    423 |   2736 |   6 |  884.7 |
               +--------+--------+--------+--------+--------+-----+--------+

Top non-repeatable levels by time:
     D:4: 1174 daAuts
     D:1: 1003 daAuts
     D:6: 893 daAuts
     D:2: 796 daAuts
     D:3: 723 daAuts
     D:5: 718 daAuts
